 Dungeon Crawl Stone Soup version 0.30-a0-578-gdee14c521f (webtiles) character file.

Game seed: 981847471793103887

747 lunkers the Basher (level 8, -1/51 (61) HPs)
             Began as a Meteoran Reaver on Dec 31, 2022.
             Was an Initiate of Gozag.
             Killed by miscasting Hailstorm (10 damage)
             ... on level 6 of the Dungeon.
             The game lasted 00:07:32 (2446 turns).

lunkers the Basher (Meteoran Reaver)                Turns: 2446, Time: 00:07:33

HP:   -1/51 (61)    AC:  7    Str: 15    XL:     8   Next: 26%
MP:   10/13         EV: 11    Int: 15    God:    Gozag
Gold: 280           SH:  0    Dex: 19    Spells: 6/12 levels left

rFire   . . .      SeeInvis .    a - +0 flail
rCold   . . .      Faith    .    (no shield)
rNeg    . . .      Spirit   .    q - +1 ring mail {rPois}
rPois   +          Reflect  .    i - +0 helmet
rElec   .          Harm     .    (no cloak)
rCorr   .          Rampage  .    (no gloves)
Will    +....                    (no boots)
Stlth   +                        (no amulet)
HPRegen 0.28/turn                o - +6 ring of dexterity
MPRegen 0.13/turn                (no ring)

@: gold aura, very slightly contaminated, glowing, studying Air Magic, heavily
drained
A: sense surroundings 1, otherworldly, glowing, explore regen
a: Renounce Religion, Potion Petition, Call Merchant, Bribe Branch


You were on level 6 of the Dungeon.
You worshipped Gozag.
Gozag was aware of your devotion.
You visited 2 branches of the dungeon, and saw 7 of its levels.

You collected 330 gold pieces.
You paid 50 gold pieces to Gozag.

Inventory:

Hand Weapons
 a - a +0 flail (weapon)
 l - a +0 mace
Armour
 b - a +0 leather armour
 i - a +0 helmet (worn)
 p - a +1 hat
 q - a +1 ring mail of poison resistance (worn)
Jewellery
 k - a ring of fire
 o - a +6 ring of dexterity (left hand)
Wands
 f - a wand of light (6)
Scrolls
 d - a scroll of teleportation {unknown}
 m - 2 scrolls of enchant weapon {unknown}
 t - a scroll of fog {unknown}
 u - a scroll of vulnerability {unknown}
Potions
 c - a potion of ambrosia
 e - 2 potions of curing
 h - a potion of brilliance {unknown}
 j - a potion of mutation {unknown}
 n - a potion of cancellation {unknown}
 r - a potion of might {unknown}


   Skills:
 - Level 2.1 Fighting
 * Level 11.5 Maces & Flails
 - Level 2.4 Dodging
 - Level 2.6 Spellcasting
 - Level 3.6 Conjurations


You had 6 spell levels left.
You knew the following spells:

 Your Spells              Type           Power      Damage    Failure   Level
b - Momentum Strike       Conj/Tloc      14%        3d8       30%         2
c - Hailstorm             Conj/Ice       7%         3d4       52%         3
p - Kiss of Death         Conj/Necr      28%        2d7       21%         1

Your spell library contained the following spells:

 Spells                   Type           Power      Damage    Failure   Level
 Freeze                   Ice            8%         1d3       38%         1
 Frozen Ramparts          Ice            4%         1d1       77%         3
 Ignite Poison            Fire/Tmut/Pois 2%         N/A       77%         3
 Sticky Flame             Conj/Fire      7%         2d3       89%         4
 Ignition                 Fire           1%         3d3       100%        8


Dungeon Overview and Level Annotations

Branches:
Dungeon (6/15) Zot: 1341   Temple (1/1) D:4 Zot: 404

Altars:
Elyvilon
Fedhas
Gozag
Kikubaaqudgha
Makhleb
Qazlal
Ru
Sif Muna
Uskayaw
Vehumet
Wu Jian
Xom
Zin
The Shining One

Shops:
D:2 [*=*

Annotations:
D:3 Sigmund


Innate Abilities, Weirdness & Mutations

You passively map a small area around you.
You are easily found by Zot.
You glow in the dark.
You regain HP and MP as you explore.


Message History

The wight is blinded.
The bolt of light hits the wight.
The wight is moderately damaged.
The wight is blinded.
The wight barely misses you. x2
Unknown command.
Unknown command.
Unknown command.
Aiming: Bolt of Light
Press: ? - help, Shift-Dir - straight line, f - wight, p - wight
Aim: a wight, wielding a +2 halberd and wearing a +1 robe of willpower (71% to hit)
The bolt of light hits the wight!
You destroy the wight!
The bolt of light hits the wight!
You destroy the wight!
The bolt of light hits the wight.
The wight is lightly damaged.
The wight is blinded.
The wight is distracted by your dazzling golden aura.
Your Maces & Flails skill increases to level 11!
Unknown command.
Unknown command.
Unknown command.
Aiming: Bolt of Light
Press: ? - help, Shift-Dir - straight line, p - wight The bolt of light hits the wight.
You destroy the wight!
The bolt of light hits the wight!
The wight is almost destroyed.
The wight is distracted by your dazzling golden aura.
Unknown command.
Unknown command.
Casting: Kiss of Death (safe; 21% risk of failure)
Confirm with . or Enter, or press ? or * to list all spells.
The spell is quite dangerous to miscast (52% risk of failure)!
Continue anyway?
Casting: Hailstorm (quite dangerous; 52% risk of failure)
Press: ? - help, Dir - look around, f - activate You miscast Hailstorm.
You are very lightly contaminated with residual magic.
You feel uncomfortably cold!
You die...
Your body crumbles into a pile of gold.

,, ,#...# ,...#
#...#*....#
,,*#...##....#,
, #.z.......+ ,
+.........#
#.z.......#,. ,
,,
###$#######.. ,
#...#........
,, ,
#..@'........ ,
,,#...#<.....##
#...#......#
,#...#......# ,
##+##......# ,,
, .......# ,
.......# ,
.......# ,
........#


You could see 2 wights.

Vanquished Creatures
  2 water moccasins (D:5)
  A phantom (D:5)
  A scorpion (D:4)
  3 wights (D:6)
  A howler monkey (D:4)
  A hound (D:4)
  4 gnolls (D:4)
  3 adders
  An ufetubus (D:5)
  A worm (D:4)
  2 dart slugs
  11 orcs
  6 endoplasms
  3 giant cockroaches (D:1)
  3 goblins
  10 hobgoblins
  7 jackals
  5 kobolds
  4 quokkas
  3 ball pythons
  5 bats
  5 frilled lizards
  6 rats
88 creatures vanquished.

Notes
Turn   | Place    | Note
-------+----------+-------------------------------------------
     0 | D:1      | lunkers the Meteoran Reaver began the quest for the Orb.
     0 | D:1      | Reached XP level 1. HP: 17/17 MP: 5/5
     3 | D:1      | Noticed an electric eel
     4 | D:1      | Noticed an electric eel
    80 | D:1      | Reached XP level 2. HP: 5/24 MP: 6/6
   176 | D:1      | Reached skill level 5 in Maces & Flails
   195 | D:1      | Reached XP level 3. HP: 19/29 MP: 8/8
   202 | D:1      | Learned a level 2 spell: Momentum Strike
   207 | D:1      | Learned a level 3 spell: Hailstorm
   362 | D:2      | Found Monwout's Antique Armour Boutique.
   716 | D:2      | Found Duizegism's General Store.
   729 | D:2      | Reached XP level 4. HP: 32/36 MP: 9/9
   737 | D:2      | Reached skill level 6 in Maces & Flails
   759 | D:2      | Found Megos's General Store.
   799 | D:3      | Noticed Sigmund
  1147 | D:2      | Found Azxaalot's Jewellery Shop.
  1290 | D:4      | Found a stormy altar of Qazlal.
  1293 | D:4      | Found a staircase to the Ecumenical Temple.
  1299 | Temple   | Entered the Ecumenical Temple
  1473 | Temple   | Became a worshipper of Gozag Ym Sagoz the Greedy
  1500 | D:4      | Found a blossoming altar of Fedhas.
  1513 | D:4      | Reached skill level 7 in Maces & Flails
  1513 | D:4      | Reached XP level 5. HP: 39/41 MP: 10/10
  1540 | D:4      | Reached XP level 6. HP: 20/48 MP: 11/11
  1597 | D:4      | Reached skill level 8 in Maces & Flails
  1825 | D:4      | Reached skill level 9 in Maces & Flails
  2008 | D:5      | Entered Level 5 of the Dungeon
  2008 | D:5      | Noticed a water moccasin
  2039 | D:5      | Killed a water moccasin
  2040 | D:5      | Reached XP level 7. HP: 3/44 MP: 8/12
  2096 | D:5      | Reached skill level 10 in Maces & Flails
  2282 | D:5      | Noticed a water moccasin
  2304 | D:5      | Killed a water moccasin
  2350 | D:5      | Reached XP level 8. HP: 37/48 MP: 13/13
  2444 | D:6      | Reached skill level 11 in Maces & Flails
  2446 | D:6      | Killed by miscasting Hailstorm

Illustrated notes

Levels and vault maps discovered:
D:1:      arrival_aquarium_b, layout_rooms, serial_corexii_hall,
          corexii_hall_statues_s, chequers_hall_statues_y
D:2:      layout_basic, serial_shops, nicolae_square_shop, nicolae_shop_trees,
          nicolae_shop_behind_doors, nicolae_shop_waterfront, shop
D:3:      layout_basic, mainiacjoe_overflow_surrounded_room, uniq_sigmund
D:4:      layout_gridville, grunt_temple_overflow_forces_of_nature,
          ashenzari_altar_1, minmay_temple_entry_statues_pillars,
          chequers_serial_rivers_micro_b, minmay_manual_mess
D:5:      layout_basic, mainiacjoe_overflow_catwalk_spiral
D:6:      layout_gridville, glass_columns_c, chequers_serial_rivers_micro_c,
          uniq_prince_ribbit1, uniq_pikel
Temple:   minmay_temple_bridge_abc

Skill      XL: |  1  2  3  4  5  6  7  8 |
---------------+-------------------------+-----
Maces & Flails | 5 7 9 10 11 | 11.5
Fighting       | |  2.1
Dodging        | |  2.4
Spellcasting   | |  2.6
Conjurations   | |  3.6

Action                   |  1- 3 |  4- 6 |  7- 9 || total
-------------------------+-------+-------+-------++-------
Melee: Mace              |    89 |    50 |       ||   139
       Punch             |     1 |     1 |       ||     2
       Flail             |       |   121 |    47 ||   168
 Cast: Momentum Strike   |     1 |     1 |     2 ||     4
       Kiss of Death     |       |     3 |     2 ||     5
Evoke: Wand              |       |       |     3 ||     3
  Use: Scroll            |       |     5 |     1 ||     6
       Potion            |       |     2 |     1 ||     3
 Stab: Distracted        |       |       |     1 ||     1
Armor: Leather armour    |    28 |    56 |     3 ||    87
       Skin              |       |    16 |     6 ||    22
       Ring mail         |       |       |    10 ||    10
Dodge: Dodged            |    34 |    87 |    28 ||   149

Table legend: (Time is in decaauts)
 A = Elapsed time spent in this place.
 B = Non-inter-level travel time spent in this place.
 C = Inter-level travel time spent in this place.
 D = Time resting spent in this place.
 E = Time spent auto-exploring this place.
 F = Levels seen in this place.
 G = Mean time per level.
                   A        B        C        D        E       F      G
               +--------+--------+--------+--------+--------+-----+--------+
         Total |   2454 |   2165 |    289 |      0 |   1385 |   7 |  350.6 |
       Dungeon |   2258 |   1990 |    268 |      0 |   1218 |   6 |  376.3 |
        Temple |    195 |    174 |     21 |      0 |    167 |   1 |  195.0 |
               +--------+--------+--------+--------+--------+-----+--------+

Top non-repeatable levels by time:
     D:2: 650 daAuts
     D:4: 530 daAuts
     D:5: 413 daAuts
     D:1: 365 daAuts
     D:3: 280 daAuts
  Temple: 195 daAuts
     D:6: 17 daAuts
